 Seeded DCSS version 0.27.1 (webtiles) character file.

Game seed: 7 (custom seed)

230 a11behringer the Slasher (level 6, -16/47 HPs)
             Began as a Formicid Fighter on Aug 26, 2021.
             Demolished by an ogre (19 damage)
             ... on level 6 of the Dungeon.
             The game lasted 00:12:15 (2366 turns).

a11behringer the Slasher (Formicid Fighter)         Turns: 2366, Time: 00:12:15

Health: -16/47     AC:  9    Str: 27    XL:     6   Next: 24%
Magic:  15/15      EV:  6    Int:  8    God:
Gold:   57         SH: 10    Dex: 11    Spells: 5/5 levels left

rFire    . . .     SeeInvis +   a - +0 long sword
rCold    + + +     Faith    .   c - +0 kite shield
rNeg     . . .     Spirit   .   p - +0 chain mail
rPois    .         Reflect  .   (helmet unavailable)
rElec    .         Harm     .   (no cloak)
rCorr    +         Rampage  .   (no gloves)
Will     .....                  (no boots)
Stlth    ..........             (no amulet)
HPRegen  0.15/turn              m - ring of resist corrosion
MPRegen  0.14/turn              o - ring "Ikoheaf" {Drain rC+++ MP+9 Str+6 SInv}

@: no status effects
A: permanent stasis, dig shafts and tunnels, antennae 3, four strong arms
a: Dig, Shaft Self


You were on level 6 of the Dungeon.
You visited 1 branch of the dungeon, and saw 4 of its levels.

You collected 218 gold pieces.
You spent 161 gold pieces at shops.

Inventory:

Hand Weapons
 a - a +0 long sword (weapon)
Armour
 b - a +0 scale mail
 c - a +0 kite shield (worn)
 j - a +2 hat of see invisible
 p - a +0 chain mail (worn)
Jewellery
 g - a ring of fire
 m - a ring of resist corrosion (left hand)
 o - the ring "Ikoheaf" (right hand) {Drain rC+++ MP+9 Str+6 SInv}
   (You bought it in a shop on level 2 of the Dungeon)

   [ring of strength]

   Str:       It affects your strength (+6).
   rC:        It renders you almost immune to cold.
   MP:        It affects your magic capacity (+9).
   SInv:      It lets you see invisible.
   Drain:     It drains your maximum health when unequipped.
Scrolls
 e - 2 scrolls of enchant armour
 h - 2 scrolls of identify
 k - a scroll of teleportation {unknown}
 l - a scroll of amnesia {unknown}
 n - a scroll of noise {unknown}
Potions
 d - a potion of might
 f - a potion of degeneration {unknown}
 i - a potion of mutation {unknown}


   Skills:
 - Level 3.2 Fighting
 * Level 6.0 Long Blades
 - Level 3.3 Armour
 + Level 0.9 Stealth
 - Level 3.6 Shields


You had 5 spell levels left.
You didn't know any spells.
Your spell library was empty.

Dungeon Overview and Level Annotations

Branches:
Dungeon (6/15)
 Temple: D:4-7

Altars:

Shops:
D:2 *   D:6 (

Annotations:
D:3 Ijyb


Innate Abilities, Weirdness & Mutations

You cannot be hasted, slowed, berserked, paralysed or teleported.
You can dig through walls and to a lower floor.
You have a pair of large antennae on your head. (SInv)
Your four strong arms can wield two-handed weapons with a shield.


Message History

You have reached level 6!
Your experience leads to an increase in your attributes!
Your base attributes are Str 21, Int 8, Dex 10.
Increase (S)trength, (I)ntelligence, or (D)exterity?
You feel agile.
You hit the jelly.
Your hands burn!
The jelly is lightly wounded.
The jelly hits you but does no damage.
You hit the jelly.
Your hands burn!
The jelly is heavily wounded.
The jelly hits you but does no damage.
You hit the jelly.
Your hands burn!
The jelly is severely wounded.
The jelly hits you but does no damage. The jelly hits you.
You are splashed with acid.
You resist.
You hit the jelly.
Your hands burn!
The jelly is almost dead.
The jelly hits you but does no damage.
You slash the jelly!
You kill the jelly!
Your Long Blades skill increases to level 6!
Found a stone staircase leading down.
You sense a monster nearby.
You extend your mandibles.
You can't dig through that.
Found 13 stones.
You extend your mandibles.
You can't dig through that.
Found 12 gold pieces.
Found 14 gold pieces.
You now have 43 gold pieces (gained 12).
You now have 57 gold pieces (gained 14).
An ogre comes into view. It is wielding a +0 giant spiked club.
The ogre hits you with a +0 giant spiked club!!
Ouch! That really hurt!
* * * LOW HITPOINT WARNING * * *
You slash the ogre!
The ogre is moderately wounded.
The ogre hits you with a +0 giant spiked club!!
You die...

.........†........#
..................####
...........#####.....#
...........#...#.....##
...........#.∩.#......#
........).#...#......#
.........#.>.#......#
........#...#O.....#
...(....#####@.....##
.....................
.....................
.....................
....................#
..................###
..........######..#
..######### ##.# .# ##


You could see an ogre.

Vanquished Creatures
  A hornet zombie (D:3)
  A jelly (D:6)
  A hound (D:6)
  An adder (D:2)
  3 worms
  2 dart slugs (D:1)
  2 bats
  3 endoplasms
  A giant cockroach (D:2)
  9 goblins
  2 hobgoblins
  6 jackals
  A quokka (D:3)
  2 ball pythons
  3 frilled lizards
  8 kobolds
  10 rats
56 creatures vanquished.

Vanquished Creatures (others)
  6 fungi (D:3)
  3 plants (D:3)
9 creatures vanquished.

Grand Total: 65 creatures vanquished

Notes
Turn   | Place    | Note
-------+----------+-------------------------------------------
     0 | D:1      | a11behringer the Formicid Fighter began the quest for the
                  | Orb.
     0 | D:1      | Reached XP level 1. HP: 18/18 MP: 1/1
   101 | D:1      | Reached XP level 2. HP: 7/24 MP: 2/2
   439 | D:1      | Reached skill level 3 in Long Blades
   511 | D:1      | Reached XP level 3. HP: 28/29 MP: 3/3
  1330 | D:2      | Found Ogruuwn's Assorted Antiques.
  1344 | D:2      | Reached skill level 4 in Long Blades
  1344 | D:2      | Reached XP level 4. HP: 11/35 MP: 4/4
  1617 | D:2      | Bought a heavily runed steel ring for 85 gold pieces
  1617 | D:2      | Identified the ring "Ikoheaf" {Drain rC+++ MP+9 Str+6 SInv}
                  | (You bought it in a shop on level 2 of the Dungeon)
  1617 | D:2      | Bought a chain mail for 76 gold pieces
  1808 | D:3      | Noticed Ijyb
  2027 | D:3      | Reached skill level 5 in Long Blades
  2027 | D:3      | Reached XP level 5. HP: 18/41 MP: 5/5
  2315 | D:3      | You fall into a shaft and drop 3 floors!
  2320 | D:6      | Found Wezairem's Weapon Shoppe.
  2335 | D:6      | Reached XP level 6. HP: 36/47 MP: 6/6
  2340 | D:6      | Reached skill level 6 in Long Blades
  2362 | D:6      | Noticed an ogre
  2366 | D:6      | Demolished by an ogre

Illustrated notes

Levels and vault maps discovered:
D:1:      lightli_molten_gateway, layout_loops_ring
D:2:      layout_basic, serial_shops, nicolae_shop_crystal,
          hangedman_decor_growths, st_stairs_10, minmay_rat_gold_closets
D:3:      kennysheep_the_goblin_king, layout_basic,
          shapermc_ecumenical_altar_mp_urbaneastern, uniq_ijyb, uniq_robin
D:6:      layout_layer_cave, nicolae_take_the_stairs

Skill      XL: |  1  2  3  4  5  6 |
---------------+-------------------+-----
Long Blades    | 3 4 5 6 |  6.0
Fighting       | |  3.2
Armour         | |  3.3
Stealth        | |  0.9
Shields        | |  3.6

Action                   |  1- 3 |  4- 6 || total
-------------------------+-------+-------++-------
Melee: Long sword        |    94 |    82 ||   176
 Abil: Dig               |     1 |     3 ||     4
  Use: Scroll            |       |     1 ||     1
Armor: Scale mail        |    28 |       ||    28
       Chain mail        |       |    43 ||    43
Dodge: Dodged            |    27 |    17 ||    44
Block: Kite shield       |    51 |    57 ||   108
       Rpst.: Long sword |    10 |     7 ||    17
